 Dungeon Crawl Stone Soup version 0.30.1 (webtiles) character file.

Game seed: 2398355805022235933

279800 croobank the Spry (level 19, 0/93 HPs)
             Began as a Felid Summoner on July 5, 2023.
             Was an Initiate of Jiyva.
             Slain by a ghoul (19 damage)
             ... on level 1 of the Crypt on July 11, 2023.
             The game lasted 13:41:14 (76691 turns).

croobank the Spry (Felid Summoner)                 Turns: 76691, Time: 13:41:15

Health: 0/93       AC: 17    Str:  8 (9)  XL:     19   Next: 66%
Magic:  38/38      EV: 41    Int: 20 (23) God:    Jiyva [......]
Gold:   645        SH:  0    Dex: 20 (21) Spells: 1/46 levels left
                                        Lives:  0   Deaths: 6

rFire   + .          .
                       - Unarmed
rCold   . . .        (shield unavailable)
rNeg    + . .        (body armour unavailable)
rPois   ∞            (helmet unavailable)
rElec   +            (cloak unavailable)
rCorr   .            (gloves unavailable)
SInv    +            (boots unavailable)
Will    ++...        S - amulet of magic regeneration
Stlth   +            H - ring "Kyrchedwy" {rElec rF+ rN+}
HPRegen 0.35/turn    d - +6 ring of strength
MPRegen 0.66/turn

%: no passive effects
@: confused, storm-form, ambrosia-drunk, forested, flying
A: cleaving, insubstantial, flying, very small, (claws 1), (fangs 3), see
invisible, (speed 1), (shaggy fur 3), (stealthy paws), no weapons or thrown
items, no armour, multi-lived, agile 1, deterioration 1, noise suppression
}: 2/15 runes: barnacled, gossamer
a: Blinkbolt, End Transformation, Renounce Religion


You were on level 1 of the Crypt.
You worshipped Jiyva.
Jiyva was noncommittal.
You were a lightning-filled tempest!
You visited 10 branches of the dungeon, and saw 41 of its levels.
You also visited: Wizlab.

You collected 18562 gold pieces.
You spent 4722 gold pieces at shops.
You paid 13195 gold pieces to Gozag.

Inventory:

Jewellery
 d - a +6 ring of strength (right paw)
 g - a +4 ring of protection
 k - a ring of ice
 m - a +6 ring of intelligence
 w - a +5 ring of evasion
 B - a ring of willpower
 D - a +6 ring of dexterity
 G - a ring of positive energy
 H - the ring "Kyrchedwy" (left paw) {rElec rF+ rN+}
   (You acquired it on level 4 of the Lair of Beasts)

   [ring of positive energy]

   rF:        It protects you from fire.
   rElec:     It insulates you from electricity.
   rN:        It protects you from negative energy.
 I - a ring of resist corrosion
 J - the ring "Naarrena" {MP+9 Slay+5}
   (You found it on level 5 of the Lair of Beasts)

   [ring of magical power]

   Slay:      It affects your accuracy & damage with ranged weapons and melee
   (+5).
   MP:        It affects your magic capacity (+9).
 M - a +6 ring of intelligence
 S - an amulet of magic regeneration (around neck)
 T - a +6 ring of dexterity
 U - the ring "Obleikoa" {rC+ rCorr Int+4 SInv}
   (You took it off a deep elf knight on level 3 of the Elven Halls)

   [ring of resist corrosion]

   Int:       It affects your intelligence (+4).
   rC:        It protects you from cold.
   SInv:      It lets you see invisible.
   rCorr:     It protects you from acid and corrosion.
 V - a +6 ring of dexterity
 Z - a ring of magical power
Wands
 h - a wand of flame (42)
 j - a wand of polymorph (29)
 A - a wand of roots (8)
 K - a wand of mindburst (21)
 O - a wand of charming (22)
 R - a wand of acid (8)
Scrolls
 b - 22 scrolls of identify
 f - 3 scrolls of fear
 o - 4 scrolls of magic mapping
 q - 6 scrolls of fog
 r - 11 scrolls of teleportation
 s - 2 scrolls of torment
 v - 4 scrolls of amnesia
 y - a scroll of immolation
 z - 4 scrolls of vulnerability
 F - 4 scrolls of noise
 N - 8 scrolls of poison
 Y - a scroll of acquirement
Potions
 a - a potion of mutation
 e - 10 potions of lignification
 i - 7 potions of brilliance
 l - 6 potions of attraction
 n - 8 potions of flight
 p - 7 potions of curing
 u - 4 potions of resistance
 x - 9 potions of ambrosia
 C - 2 potions of might
 Q - a potion of haste
 W - 3 potions of invisibility
Miscellaneous
 c - a box of beasts
 t - a lightning rod (4/4)
 E - a phantom mirror
 X - a phial of floods


   Skills:
 - Level 15.0 Fighting
 - Level 19.0 Dodging
 - Level 5.5 Stealth
 + Level 16.2 Unarmed Combat
 - Level 14.0 Spellcasting
 + Level 14.5 Hexes
 - Level 12.8 Summonings
 - Level 8.9 Translocations
 - Level 17.0 Transmutations
 - Level 5.0 Fire Magic
 - Level 17.0 Air Magic


You had one spell level left.
You knew the following spells:

 Your Spells              Type           Power      Damage    Failure   Level
a - Manifold Assault      Tloc           49%        N/A       1%          4
d - Summon Guardian Gole  Hex/Summ       62%        N/A       1%          3
e - Summon Lightning Spi  Summ/Air       65%        N/A       1%          4
f - Summon Mana Viper     Hex/Summ       62%        N/A       1%          5
g - Summon Cactus Giant   Summ           30%        N/A       3%          6
h - Summon Forest         Summ/Tloc      27%        N/A       1%          5
i - Poisonous Vapours     Pois/Air       96%        N/A       1%          2
k - Scorch                Fire           68%        2d8       1%          2
s - Storm Form            Tmut/Air       35%        N/A       3%          7
z - Enfeeble              Hex            32%        N/A       10%         7

Your spell library contained the following spells:

 Spells                   Type           Power      Damage    Failure   Level
 Slow                     Hex            100%       N/A       0%          1
 Apportation              Tloc           98%        N/A       1%          1
 Foxfire                  Conj/Fire      96%        2x1d8     1%          1
 Shock                    Conj/Air       100%       1d9       1%          1
 Sting                    Tmut/Pois      100%       1d8       1%          1
 Summon Small Mammal      Summ           100%       N/A       1%          1
 Magic Dart               Conj           56%        1d5       4%          1
 Necrotise                Necr           56%        1d6       4%          1
 Wereblood                Tmut           70%        N/A       0%          2
 Swiftness                Air            70%        N/A       0%          3
 Blink                    Tloc           98%        N/A       1%          2
 Call Imp                 Summ           100%       N/A       1%          2
 Cigotuvi's Dreadful Rot  Necr/Pois/Air  72%        N/A       1%          2
 Lesser Beckoning         Tloc           98%        N/A       1%          2
 Momentum Strike          Conj/Tloc      62%        3d9       1%          2
 Static Discharge         Conj/Air       96%        2-6/arc   1%          2
 Call Canine Familiar     Summ           60%        N/A       1%          3
 Confusing Touch          Hex            64%        N/A       1%          3
 Ignite Poison            Fire/Tmut/Pois 43%        N/A       1%          3
 Inner Flame              Hex/Fire       52%        N/A       1%          3
 Mephitic Cloud           Conj/Pois/Air  36%        N/A       1%          3
 Tukima's Dance           Hex            64%        N/A       1%          3
 Vhi's Electric Charge    Tloc/Air       100%       N/A       1%          3
 Airstrike                Air            35%        2d(5-21)  1%          4
 Cause Fear               Hex            32%        N/A       1%          4
 Ice Form                 Ice/Tmut       48%        N/A       1%          4
 Petrify                  Tmut/Erth      48%        N/A       1%          4
 Blade Hands              Tmut           35%        N/A       1%          5
 Yara's Violent Unravell  Hex/Tmut       33%        3d14      1%          5
 Fulminant Prism          Conj/Hex       21%        3d12      2%          4
 Leda's Liquefaction      Hex/Erth       21%        N/A       2%          4
 Summon Ice Beast         Ice/Summ       39%        N/A       3%          4
 Alistair's Intoxication  Tmut/Pois      32%        N/A       3%          5
 Arcjolt                  Conj/Air       24%        1d34      3%          5
 Irradiate                Conj/Tmut      24%        3d19      3%          5
 Dragon Form              Tmut           35%        N/A       3%          7
 Metabolic Englaciation   Hex/Ice        21%        N/A       6%          5
 Sublimation of Blood     Necr           14%        N/A       7%          2
 Plasma Beam              Fire/Air       27%        2x1d44    8%          6
 Freezing Cloud           Conj/Ice/Air   18%        6-21      13%         5
 Hailstorm                Conj/Ice       14%        3d5       14%         3
 Ozocubu's Armour         Ice            14%        N/A       14%         3
 Stone Arrow              Conj/Erth      28%        3d8       14%         3
 Vampiric Draining        Necr           14%        2d7       14%         3
 Flame Wave               Conj/Fire      24%        2d8       16%         4
 Sticky Flame             Conj/Fire      24%        2d5       16%         4
 Monstrous Menagerie      Summ           30%        N/A       21%         7
 Summon Hydra             Summ           30%        N/A       21%         7
 Conjure Ball Lightning   Conj/Air       24%        3x3d7     22%         6
 Statue Form              Tmut/Erth      32%        N/A       22%         6
 Maxwell's Capacitive Co  Air            35%        ∞         28%         8
 Animate Dead             Necr           14%        N/A       41%         4
 Olgreb's Toxic Radiance  Pois           14%        N/A       41%         4
 Fireball                 Conj/Fire      12%        3d7       41%         5
 Agony                    Necr           14%        N/A       77%         5
 Borgnjor's Vile Clutch   Necr/Erth      7%         N/A       77%         5
 Lee's Rapid Deconstruct  Erth           7%         3d6*      77%         5
 Starburst                Conj/Fire      12%        6d5       94%         6
 Haunt                    Necr/Summ      19%        N/A       95%         7
 Spellforged Servitor     Conj/Summ      19%        N/A       95%         7
 Death Channel            Necr           7%         N/A       100%        6
 Simulacrum               Ice/Necr       7%         N/A       100%        6
 Orb of Destruction       Conj           7%         9d6       100%        7
 Ozocubu's Refrigeration  Ice            7%         4d9       100%        7
 Borgnjor's Revivificati  Necr           7%         N/A       100%        8
 Infestation              Necr           7%         N/A       100%        8
 Lehudib's Crystal Spear  Conj/Erth      7%         10d3      100%        8
 Necromutation            Tmut/Necr      24%        N/A       100%        8
 Chain Lightning          Conj/Air       24%        3d32      100%        9
 Death's Door             Necr           7%         N/A       100%        9
 Dragon's Call            Summ           30%        N/A       100%        9
 Portal Projectile        Hex/Tloc       Unusable   N/A       N/A         3
 Animate Armour           Summ/Erth      Unusable   N/A       N/A         4

Dungeon Overview and Level Annotations

Branches:
Dungeon (15/15)            Temple (1/1) D:6            Lair (5/5) D:10
 Shoals (4/4) Lair:3       Spider (4/4) Lair:3        Slime (0/5) Lair:5
    Orc (2/2) D:12            Elf (3/3) Orc:2        Vaults (5/5) D:13
  Crypt (1/3) Vaults:2     Depths (1/4) D:15         WizLab (visited)

Altars:
Ashenzari
Cheibriados
Dithmenos
Gozag
Hepliaklqana
Makhleb
Nemelex Xobeh
Okawaru
Ru
Sif Muna
Trog
Uskayaw
Vehumet
Xom
Yredelemnul
The Shining One
Jiyva

Shops:
D:3 [   D:6 ?[[(?[   D:8 :   Orc:2 [*:(   Shoals:2 !!   Shoals:3 (   Spider:4 !
Vaults:1 [   Vaults:2 (:?   Vaults:4 [

Portals:
Hell: Depths:1
Trove: D:12 (give 5 scrolls of blinking)

Annotations:
D:10 2 runed translucent doors
Lair:2 exclusion: 3 oklob plants
Vaults:2 2 transporters, Yjimoseergh's ghost, adept SpFE; eruonna's ghost, veteran HOBe


Innate Abilities, Weirdness & Mutations

You are a lightning-filled tempest!
Your electrical attacks strike out in all directions at once.
You are incredibly evasive.
Your insubstantial body is immune to petrification, constriction, and being set on fire You are flying.
You are immune to poison.
((You have sharp claws.))
((You have razor-sharp teeth.))
You have supernaturally acute eyesight. (SInv)
((You cover ground quickly. (Speed+)))
((Your thick and shaggy fur keeps you warm. (AC +3, rC+)))
((Your paws help you pounce on unaware monsters.))
You are incapable of wielding weapons or throwing items.
You cannot wear armour.
You gain extra lives every three experience levels.
You are agile. (Dex +4, Str/Int -1)
Your body sometimes deteriorates upon taking damage.
You passively dampen the noise of your surroundings.


Message History

Your snaplasher vine hits the bog body!
Your snaplasher vine constricts the bog body.
A bog body comes into view.
The bog body struggles to escape constriction.
The ghoul claws you!!
* * * LOW HITPOINT WARNING * * *
The ghoul completely misses you. x3
Your snaplasher vine barely misses the guardian mummy.
Your snaplasher vine hits the guardian mummy!
The guardian mummy is destroyed!
You feel extremely nervous for a moment...
You feel numb.
Your snaplasher vine hits the bog body.
Your snaplasher vine constricts the bog body.
You are confused.
You feel invigorated.
The grasping roots constrict the ghoul. x2
The roots release their grip on the ghoul. x2
The ghoul completely misses you. x2
A necrophage comes into view.
The bog body touches your snaplasher vine but does no damage.
The ghoul completely misses you. The ghoul barely misses you.
Your snaplasher vine hits the bog body.
Your snaplasher vine constricts the bog body.
Your mana viper disappears in a puff of smoke!
The ghoul completely misses you. x2
The bog body casts a spell at your snaplasher vine.
The bolt of cold hits your snaplasher vine!
Your snaplasher vine hits the bog body.
Your snaplasher vine constricts the bog body.
The ghoul completely misses you. x2
Your snaplasher vine hits the bog body.
The bog body is destroyed!
The ghoul barely misses you. The ghoul completely misses you.
The ghoul claws you but does no damage. The ghoul completely misses you.
Your dryad hits the ghoul. The ghoul completely misses you.
The ghoul barely misses you.
Your snaplasher vine closely misses the necrophage.
Your snaplasher vine hits the necrophage.
You feel your dexterity returning. The ghoul completely misses you.
The ghoul claws you!!
You die...

##♣..## #.....#
#♣...♣# #.....♣
♣#...#♣ #.....♣
♣♣...♣# #.C...#
♣♣Rvn♣♣ #####n''♣####
##....)......##
.####.....)⌠......##
...........w.n.......
..♣##.#♣###♣n..#.♣♣#
.............$....
### ######...#.#### $
[.###.#


You could see 2 ghouls, a bog body, a necrophage (ally target), a friendly dryad
(summoned), a friendly cactus giant (summoned) and a friendly snaplasher vine.

Vanquished Creatures
  Mennas (Vaults:2)
  Frederick (Vaults:2)
  Bai Suzhen (Vaults:3)
  3 deep elf blademasters (Elf:3)
  A quicksilver dragon (Vaults:5)
  2 deep elf master archers (Elf:3)
  A sphinx (Vaults:2)
  2 ancient champions
  3 storm dragons (Vaults:5)
  A shadow dragon (Vaults:5)
  A tengu reaver (Vaults:3)
  2 revenants (WizLab)
  A frost giant (Depths:1)
  An iron dragon (Vaults:5)
  2 deep elf sorcerers (Elf:3)
  2 fire giants (Depths:1)
  Ilsuiw (Shoals:4)
  3 ghost moths (Spider:4)
  4 vault wardens
  A curse skull (Crypt:1)
  2 war gargoyles
  2 broodmothers
  6 very ugly things
  A stone giant (Vaults:5)
  10 ironbound preservers
  8 ironbound thunderhulks
  A vampire knight (Crypt:1)
  4 deep elf demonologists (Elf:3)
  A deep elf annihilator (Elf:3)
  12 dire elephants
  An eidolon (WizLab)
  A spectral titan (WizLab)
  A fire dragon (Depths:1)
  An ettin (Vaults:4)
  3 merfolk javelineers (Shoals:4)
  A jiangshi (WizLab)
  A spectral quicksilver dragon (WizLab)
  A deep elf death mage (Elf:3)
  2 entropy weavers (Vaults:2)
  A merfolk impaler (Shoals:4)
  3 deep elf high priests
  A great orb of eyes (Vaults:3)
  7 vault guards
  An ice dragon (Depths:1)
  5 yaktaur captains
  2 ironbound frosthearts
  A peacekeeper (Vaults:2)
  An alligator snapping turtle (Shoals:4)
  A centaur warrior (D:13)
  4 merfolk aquamancers
  2 dancing weapons
  A deep troll earth mage (Vaults:5)
  2 vampire magi
  3 deep elf knights
  2 skeletal warriors (WizLab)
  A skyshark (Shoals:3)
  A shadow wraith (WizLab)
  A sea snake (Shoals:4)
  A spectral spark wasp (WizLab)
  13 deep trolls
  3 orb spiders (Spider:4)
  A glowing orange brain (Vaults:3)
  5 wizards
  4 harpies
  A deep elf archer (Elf:1)
  7 phantasmal warriors
  7 lindwurms
  2 orc knights
  5 deep elf zephyrmancers
  9 ironbound convokers
  A necromancer (Vaults:3)
  4 deep elf pyromancers
  A wolf spider (Spider:2)
  3 manticores
  3 ugly things
  2 fauns (Shoals:2)
  An elephant (Lair:5)
  A demonic crawler (Spider:2)
  3 water nymphs
  4 vault sentinels
  A cane toad (Lair:5)
  A freezing wraith (Vaults:4)
  17 yaktaurs
  A komodo dragon (Lair:5)
  A tyrant leech (Lair:5)
  2 guardian mummies (Crypt:1)
  7 merfolk
  2 wind drakes
  A blink frog (shapeshifter) (Elf:1)
  2 tarantellas (Spider:4)
  An air elemental (Elf:2)
  3 jumping spiders
  8 flying skulls
  4 slime creatures
  An elf simulacrum (Vaults:5)
  2 vampires (Vaults:2)
  5 water elementals
  2 fire elementals
  3 redbacks
  A water moccasin (Lair:3)
  An orc warrior (D:6)
  5 nameless horrors
  An ice beast (D:6)
  2 boggarts (Vaults:1)
  A black bear (D:10)
  An ogre (D:12)
  A salamander zombie (Crypt:1)
  3 bullfrogs
  A scorpion (D:6)
  A wight (D:7)
  A killer bee (Lair:2)
  3 electric eels
  An orc priest (D:6)
  A human skeleton (Crypt:1)
  2 mummies (Crypt:1)
  2 river rats (D:6)
  4 orcs
  An endoplasm (D:2)
  A giant cockroach (D:2)
  2 hobgoblins
  A jackal (D:3)
  3 bats (D:1)
  A kobold (D:2)
  A snaplasher vine (Shoals:4)
320 creatures vanquished.

Vanquished Creatures (collateral kills)
  Xtahua (Vaults:5)
  3 liches
  Jorgrun (Orc:1)
  A deep elf master archer (Elf:3)
  2 deep elf blademasters
  Asterion (Vaults:2)
  4 sphinxes
  An ancient champion (WizLab)
  A kraken (Shoals:4)
  Gastronok (Lair:3)
  A shadow dragon (Vaults:5)
  Donald (Vaults:3)
  Agnes (Spider:2)
  A storm dragon (Vaults:5)
  2 fire giants
  Roxanne (Elf:3)
  6 emperor scorpions
  6 deep elf sorcerers
  Aizul (Spider:3)
  Louise (D:15)
  A ghost moth (Spider:4)
  2 orc warlords (Vaults:4)
  15 vault wardens
  A broodmother (Spider:3)
  5 ironbound thunderhulks
  10 ironbound preservers
  3 stone giants
  A deep elf demonologist (Elf:3)
  3 very ugly things
  6 deep elf annihilators
  Azrael (Spider:3)
  A spark wasp (Spider:4)
  4 halazid warlocks (WizLab)
  3 dire elephants
  An ettin (Depths:1)
  5 yaktaur captains
  A crystal guardian (Vaults:2)
  4 entropy weavers
  A jiangshi (WizLab)
  8 merfolk impalers
  3 merfolk javelineers
  2 fire dragons
  7 deep elf death magi
  4 great orbs of eyes
  2 deep elf high priests (Elf:3)
  An ice dragon (D:13)
  2 hydras
  A peacekeeper (Vaults:4)
  21 vault guards
  3 radroaches
  3 merfolk avatars
  2 ogre magi (D:15)
  A catoblepas (Lair:5)
  6 centaur warriors
  A deep troll shaman (Depths:1)
  4 two-headed ogres
  9 ironbound frosthearts
  An alligator (shapeshifter) (D:15)
  7 merfolk aquamancers
  5 death yaks
  2 satyrs
  A deep troll earth mage (Depths:1)
  29 dancing weapons
  An orc high priest (Orc:2)
  A tengu warrior (D:13)
  2 vampire magi (WizLab)
  A titan zombie (WizLab)
  A shadow wraith (WizLab)
  8 deep elf knights
  5 pharaoh ants
  2 skeletal warriors (D:11)
  A spectral spark wasp (WizLab)
  7 sea snakes
  A flayed ghost (WizLab)
  A spark wasp zombie (WizLab)
  21 deep trolls
  5 orb spiders
  2 glowing orange brains
  12 slime creatures
  10 lindwurms
  5 wizards
  6 orc knights
  16 harpies
  A lindwurm (shapeshifter) (Elf:3)
  A bog body (Crypt:1)
  9 deep elf archers
  8 ironbound convokers
  A wolf spider zombie (WizLab)
  2 spectral wolf spiders (WizLab)
  3 phantasmal warriors
  4 steelbarb worms
  16 deep elf pyromancers
  17 deep elf zephyrmancers
  2 orc sorcerers (Orc:2)
  27 ugly things
  15 manticores
  15 wolf spiders
  A sphinx skeleton (Vaults:5)
  4 fauns
  3 moths of wrath (Spider:4)
  2 elephants
  5 merfolk sirens
  8 demonic crawlers
  9 cyclopes
  A centaur zombie (D:15)
  11 water nymphs
  A black mamba (Lair:2)
  9 vault sentinels
  5 cane toads
  7 torpor snails
  A yaktaur zombie (Vaults:5)
  A gargoyle (D:10)
  2 freezing wraiths (D:15)
  29 yaktaurs
  4 rime drakes
  2 komodo dragons
  An efreet (D:15)
  A troll (shapeshifter) (Vaults:5)
  4 meliai
  2 guardian mummies (Crypt:1)
  23 merfolk
  A harpy zombie (WizLab)
  5 trolls
  2 tyrant leeches (Lair:5)
  A queen bee (Lair:2)
  6 wind drakes
  7 hornets
  14 snapping turtles
  22 tarantellas
  3 dream sheep (Lair:5)
  8 blink frogs
  22 jumping spiders
  14 flying skulls
  12 culicivoras
  An air elemental (Elf:3)
  Sigmund (D:3)
  5 wyverns
  27 yaks
  10 water elementals
  4 wraiths
  A vampire (Vaults:2)
  3 humans (D:7)
  3 steam dragons
  Eustachio (D:6)
  2 fire elementals
  2 vampire mosquitoes (D:12)
  2 wargs (Orc:2)
  7 basilisks
  39 redbacks
  16 water moccasins
  3 hell hounds (Spider:3)
  2 acid dragons
  4 black bears
  26 orc warriors
  9 ogres
  A black bear (shapeshifter) (D:15)
  2 centaurs
  3 wolves
  A boggart (Vaults:1)
  3 phantoms
  3 kobold brigands (D:12)
  8 bullfrogs
  5 scorpions
  3 earth elementals
  4 wights (D:9)
  38 killer bees
  3 howler monkeys
  2 gnoll boudas (D:12)
  14 orc priests
  2 hounds
  2 jellies
  5 iguanas
  A boggart zombie (D:15)
  Natasha (twice) (D:3)
  31 orc wizards
  6 nameless horrors
  2 mummies (Crypt:1)
  9 gnolls
  21 adders
  5 river rats
  3 white imps
  2 dart slugs
  75 orcs
  6 endoplasms
  A giant cockroach (D:2)
  A hobgoblin (D:1)
  6 jackals
  3 quokkas
  8 ball pythons
  5 bats
  2 frilled lizards
  6 goblins
  7 kobolds
  6 rats
  4 tentacles (Shoals:4)
1191 creatures vanquished.

Vanquished Creatures (others)
  An ancient lich (Vaults:5)
  Sojobo (Vaults:5)
  A golden dragon (Vaults:5)
  2 tentacled monstrosities (Vaults:5)
  A quicksilver dragon (Vaults:5)
  A lich (Vaults:5)
  3 tengu reavers (Vaults:5)
  2 frost giants (Vaults:5)
  2 vault wardens
  An orc warlord (Orc:2)
  A very ugly thing (Vaults:4)
  3 stone giants (Vaults:5)
  A deep elf demonologist (Vaults:5)
  An eidolon (WizLab)
  A deep elf death mage (Vaults:5)
  4 ettins (Vaults:5)
  3 yaktaur captains (Vaults:5)
  2 deep elf high priests (Vaults:5)
  14 vault guards
  A hydra (D:14)
  2 centaur warriors (D:13)
  4 two-headed ogres
  4 death yaks
  A deep elf knight (Elf:2)
  A skyshark (Lair:5)
  2 skeletal warriors
  4 deep trolls
  4 ironbound convokers (Vaults:5)
  2 necromancers
  A spectral spriggan (WizLab)
  4 ugly things
  A deep elf zephyrmancer (Elf:1)
  2 manticores
  A vault sentinel (Vaults:5)
  2 fauns (Shoals:2)
  A demonic crawler (Spider:2)
  2 black mambas (Lair:4)
  2 torpor snails
  4 cane toads (Lair:5)
  A gargoyle (D:12)
  Maggie (D:8)
  A komodo dragon (D:13)
  A komodo dragon (shapeshifter) (D:13)
  A yaktaur (Vaults:1)
  3 trolls
  A tyrant leech (Lair:5)
  A meliai (Lair:3)
  A blink frog (Lair:5)
  3 hornets (Lair:5)
  A dream sheep (Lair:5)
  2 slime creatures
  A wraith (D:13)
  A human (D:7)
  27 yaks
  2 acid dragons
  3 water moccasins
  3 orc warriors
  A hell hound (Spider:3)
  2 black bears
  2 ice beasts
  3 ogres
  2 wolves
  Blork the orc (D:4)
  4 wights
  8 killer bees
  3 gnoll boudas
  A hell rat (Lair:2)
  Ijyb (D:4)
  2 orc wizards
  An adder (Lair:4)
  3 gnolls (D:4)
  9 orcs
  41 snaplasher vines
228 creatures vanquished.

Grand Total: 1739 creatures vanquished

Notes
Turn   | Place    | Note
-------+----------+-------------------------------------------
     0 | D:1      | croobank the Felid Summoner began the quest for the Orb.
     0 | D:1      | Reached XP level 1. HP: 7/7 MP: 4/4
   272 | D:1      | Reached skill level 3 in Dodging
   272 | D:1      | Reached XP level 2. HP: 11/11 MP: 3/6
   275 | D:1      | Learned a level 2 spell: Call Imp
   974 | D:1      | Reached XP level 3. HP: 14/14 MP: 3/7
   978 | D:1      | Learned a level 3 spell: Call Canine Familiar
  1894 | D:2      | You fall into a shaft and drop 1 floor!
  2144 | D:3      | Noticed Sigmund
  2395 | D:3      | Noticed Natasha
  2398 | D:3      | Reached XP level 4. HP: 9/18 MP: 0/8
  2403 | D:3      | Killed Natasha
  2554 | D:3      | Reached skill level 4 in Dodging
  2571 | D:3      | Found Loant's Armour Shop.
  2571 | D:3      | Noticed an animated shadow dragon scales
  2571 | D:3      | Noticed an animated pearl dragon scales
  2755 | D:3      | Noticed Natasha
  2766 | D:3      | Killed Natasha
  2767 | D:3      | Reached XP level 5. HP: 21/21 MP: 3/10
  2845 | D:3      | Learned a level 3 spell: Summon Guardian Golem
  3027 | D:4      | Reached skill level 1 in Hexes
  3051 | D:4      | Reached skill level 1 in Fighting
  3237 | D:4      | Noticed Ijyb
  3365 | D:4      | Gained mutation: You are covered in thick fur. (AC +2)
                  | [Felid growth]
  3365 | D:4      | Reached XP level 6. HP: 25/25 MP: 1/11
  3384 | D:3      | Slain by an orc
  3385 | D:3      | Reached XP level 5. HP: 0/22 MP: 1/10
  3538 | D:3      | Killed Sigmund
  3539 | D:3      | Reached skill level 5 in Stealth
  3539 | D:3      | Reached skill level 5 in Summonings
  3539 | D:3      | Reached XP level 6. HP: 26/26 MP: 5/12
  3705 | D:4      | Reached skill level 5 in Dodging
  3910 | D:4      | Reached XP level 7. HP: 28/31 MP: 7/13
  3915 | D:4      | Learned a level 4 spell: Summon Lightning Spire
  3993 | D:4      | Noticed Blork the orc
  4027 | D:4      | Killed Blork the orc
  4706 | D:4      | Killed Ijyb
  4837 | D:5      | Entered Level 5 of the Dungeon
  4886 | D:5      | Reached skill level 1 in Air Magic
  5413 | D:5      | Reached XP level 8. HP: 36/36 MP: 9/15
  5585 | D:5      | Found a shimmering altar of Xom.
  5586 | D:5      | Found a hazy altar of Hepliaklqana.
  5587 | D:5      | Noticed a spectral ugly thing
  5629 | D:5      | Reached skill level 5 in Hexes
  5762 | D:6      | Found an iron altar of Okawaru.
  5777 | D:6      | Found a staircase to the Ecumenical Temple.
  5802 | D:6      | Noticed Eustachio
  5804 | D:6      | Gained mutation: You are partially covered in large bone
                  | plates. (SH +4) [potion of mutation]
  5804 | D:6      | Gained mutation: Your muscles are strong. (Str +4, Int/Dex
                  | -1) [potion of mutation]
  5804 | D:6      | Gained mutation: You occasionally lose the ability to read
                  | scrolls when taking damage. [potion of mutation]
  5804 | D:6      | Gained mutation: Your natural rate of healing is unusually
                  | fast. [potion of mutation]
  5816 | D:6      | Found Hivech's Armour Emporium.
  5817 | D:6      | Found Waotycho's Antique Weapon Shoppe.
  5818 | D:6      | Found Adilys's Magic Scroll Boutique.
  5818 | D:6      | Found Dyqyutsiph's Antique Armour Shop.
  5818 | D:6      | Found Ufei's Magic Scroll Boutique.
  5818 | D:6      | Found Qismike's Antique Armour Emporium.
  5930 | D:6      | Reached skill level 6 in Dodging
  5951 | D:6      | Killed Eustachio
  5952 | D:6      | Reached skill level 5 in Fighting
  6159 | Temple   | Entered the Ecumenical Temple
  6263 | Temple   | Became a worshipper of Gozag Ym Sagoz the Greedy
  6439 | D:6      | Bought a scroll of identify for 28 gold pieces
  6439 | D:6      | Bought a scroll of identify for 28 gold pieces
  6439 | D:6      | Bought a scroll of fog for 56 gold pieces
  6526 | D:6      | Noticed a nameless horror
  6593 | D:6      | Killed a nameless horror
  6777 | D:6      | Found a burning altar of Makhleb.
  6777 | D:6      | Noticed a green death
  6954 | D:6      | Reached XP level 9. HP: 40/40 MP: 12/17
  7348 | D:7      | Reached skill level 7 in Dodging
  7355 | D:7      | Reached skill level 5 in Spellcasting
  7527 | D:7      | Noticed a deep elf pyromancer
  7529 | D:7      | Noticed a troll
  7543 | D:7      | Reached skill level 5 in Air Magic
  7564 | D:7      | Killed a deep elf pyromancer
  7575 | D:7      | Killed a troll
  7661 | D:7      | Reached XP level 10. HP: 47/47 MP: 14/19
  7949 | D:7      | Got the Reference Book on Mercurial Companions
  8133 | D:7      | Reached skill level 8 in Dodging
  8856 | D:7      | Found a bloodstained altar of Trog.
  8907 | D:8      | Noticed Maggie
  8944 | D:6      | Bought a scroll of vulnerability for 48 gold pieces
  8944 | D:6      | Bought a scroll of fog for 48 gold pieces
  8944 | D:6      | Bought a scroll of identify for 24 gold pieces
  8944 | D:6      | Bought a scroll of teleportation for 36 gold pieces
  8944 | D:6      | Bought a scroll of magic mapping for 90 gold pieces
  9006 | D:8      | Killed Maggie
  9289 | D:8      | Found a radiant altar of Vehumet.
  9388 | D:8      | Found a shadowy altar of Dithmenos.
  9403 | D:8      | Found Jonoxaoh's Book Shoppe.
 10086 | D:10     | Entered Level 10 of the Dungeon
 10495 | D:8      | Reached skill level 9 in Dodging
 10695 | D:9      | Reached XP level 11. HP: 52/52 MP: 8/21
 11053 | D:10     | Found a basalt altar of Yredelemnul.
 11927 | D:10     | Found a staircase to the Lair.
 12136 | D:10     | Noticed a two-headed ogre
 12152 | D:10     | Killed a two-headed ogre
 12475 | D:10     | Found a runed translucent door.
 12476 | D:10     | Noticed an ice dragon
 12479 | D:10     | Noticed an ice dragon
 12479 | D:10     | Noticed a fire dragon
 12480 | D:10     | Noticed a fire dragon
 12480 | D:10     | Found the +2 shield of Resistance {rF++ rC++ Will++}
 12485 | D:10     | Found a runed translucent door.
 12697 | D:10     | Found a snail-covered altar of Cheibriados.
 12700 | D:10     | Found a shimmering blue altar of Sif Muna.
 12702 | D:10     | Found a sacrificial altar of Ru.
 12862 | D:11     | Noticed a two-headed ogre
 12871 | D:11     | Killed a two-headed ogre
 13023 | D:11     | Reached skill level 10 in Dodging
 13307 | D:11     | Noticed a two-headed ogre
 13337 | D:11     | Killed a two-headed ogre
 13338 | D:11     | Reached skill level 10 in Fighting
 14178 | D:11     | Noticed a skeletal warrior
 14178 | D:11     | Noticed a skeletal warrior
 14178 | D:11     | Noticed a skeletal warrior
 14209 | D:11     | Killed a skeletal warrior
 14214 | D:11     | Killed a skeletal warrior
 14219 | D:11     | Killed a skeletal warrior
 14220 | D:11     | Gained mutation: Your thick and shaggy fur keeps you warm.
                  | (AC +3, rC+) [Felid growth]
 14220 | D:11     | Reached XP level 12. HP: 59/59 MP: 4/24
 14863 | D:12     | Reached skill level 11 in Dodging
 15698 | D:12     | Found a staircase to the Orcish Mines.
 16177 | D:12     | Found an iron altar of Okawaru.
 16243 | D:12     | Found a portal to a secret trove of treasure.
 16492 | Lair:1   | Entered Level 1 of the Lair of Beasts
 16561 | Lair:1   | Learned a level 5 spell: Summon Mana Viper
 17788 | Lair:2   | Reached skill level 12 in Dodging
 18072 | Lair:2   | Reached skill level 10 in Summonings
 18923 | Lair:2   | Reached XP level 13. HP: 65/65 MP: 19/26
 19233 | Lair:3   | Noticed Gastronok
 19258 | Lair:3   | Killed Gastronok
 19524 | Lair:3   | Found a staircase to the Shoals.
 20130 | Lair:3   | Reached skill level 13 in Dodging
 20597 | Lair:3   | Found a hole to the Spider Nest.
 20909 | Lair:4   | Identified a scroll of acquirement
 20910 | Lair:4   | Acquired the ring "Kyrchedwy" {rElec rF+ rN+}
 21375 | Lair:4   | Identified the +3 buckler of Gravity {rElec Dex-2 SInv}
 22043 | Lair:5   | Entered Level 5 of the Lair of Beasts
 22215 | Lair:5   | Found a staircase to the Slime Pits.
 22215 | Lair:5   | Found a viscous altar of Jiyva.
 22713 | Lair:5   | Reached skill level 10 in Spellcasting
 22991 | Lair:5   | Reached skill level 14 in Dodging
 23069 | Lair:5   | Identified the ring "Naarrena" {MP+9 Slay+5}
 23292 | Lair:5   | Noticed a dire elephant
 23308 | Lair:5   | Reached XP level 14. HP: 60/72 MP: 15/29
 23386 | Lair:5   | Found a runed translucent door.
 25452 | D:8      | Bought a book of Scorching for 420 gold pieces
 25459 | D:8      | Learned a level 6 spell: Summon Cactus Giant
 25580 | D:13     | Identified the +2 ring mail of the Shouting Gods {+Inv rF+
                  | Str+6}
 25668 | D:13     | Learned a level 2 spell: Poisonous Vapours
 25725 | D:13     | Reached skill level 15 in Fighting
 25765 | D:13     | Reached skill level 10 in Hexes
 25917 | D:13     | Found a gate to the Vaults.
 26546 | D:13     | Reached skill level 15 in Dodging
 26761 | Orc:1    | Entered Level 1 of the Orcish Mines
 27161 | Orc:2    | Entered Level 2 of the Orcish Mines
 27618 | Orc:2    | Noticed an orc warlord
 27638 | Orc:2    | Killed an orc warlord
 28177 | Orc:1    | Noticed Jorgrun
 28200 | Orc:1    | Killed Jorgrun
 28388 | Orc:1    | Reached XP level 15. HP: 77/77 MP: 16/31
 28722 | Orc:2    | Found Xuvashre's Antique Armour Boutique.
 28905 | Orc:2    | Found a staircase to the Elven Halls.
 29449 | Orc:2    | Found Gofo's General Store.
 29455 | Orc:2    | Bought a scroll of teleportation for 36 gold pieces
 29455 | Orc:2    | Bought 2 scrolls of blinking for 180 gold pieces
 29547 | Orc:2    | Found Pessumy's Book Boutique.
 29553 | Orc:2    | Bought an Inescapable Atlas for 416 gold pieces
 29553 | Orc:2    | Bought a book of the Wilderness for 494 gold pieces
 29559 | Orc:2    | Learned a level 5 spell: Summon Forest
 29698 | Spider:1 | Entered Level 1 of the Spider Nest
 29730 | Spider:1 | Reached skill level 1 in Translocations
 29897 | Spider:1 | You fall into a shaft and drop 1 floor!
 30140 | Spider:2 | Noticed Agnes
 30149 | Spider:2 | Killed Agnes
 30230 | Spider:1 | Noticed an emperor scorpion
 30316 | Spider:1 | HP: 4/115 [emperor scorpion (6)]
 30316 | Spider:1 | Slain by an emperor scorpion
 30317 | Spider:1 | Reached XP level 14. HP: -3/109 MP: 6/30
 30463 | Spider:1 | Killed an emperor scorpion
 30675 | Spider:1 | Reached skill level 16 in Dodging
 31126 | Spider:1 | Reached skill level 5 in Translocations
 32072 | Spider:1 | Killed a broodmother
 32383 | Spider:2 | Noticed an emperor scorpion
 32391 | Spider:2 | Killed an emperor scorpion
 33074 | Spider:2 | Reached skill level 1 in Transmutations
 33397 | Spider:3 | Noticed Azrael
 33501 | Spider:3 | Noticed Aizul
 34052 | Spider:3 | Killed Aizul
 34571 | Spider:3 | Killed Azrael
 34973 | Spider:3 | Learned a level 1 spell: Apportation
 35211 | Spider:3 | Noticed a broodmother
 35221 | Spider:3 | Killed a broodmother
 35836 | Spider:3 | Reached XP level 15. HP: 58/77 MP: 16/32
 35961 | Spider:4 | Entered Level 4 of the Spider Nest
 35964 | Spider:4 | Noticed an emperor scorpion
 36122 | Spider:3 | Killed an emperor scorpion
 36343 | Spider:4 | Noticed an emperor scorpion
 36382 | Spider:4 | Killed an emperor scorpion
 36679 | Spider:4 | Reached skill level 5 in Transmutations
 37667 | Spider:4 | Acquired the Tome of Hurtful Sidekicks
 38502 | Spider:4 | Noticed an emperor scorpion
 38666 | Spider:4 | Killed an emperor scorpion
 38862 | Spider:4 | Bought 2 potions of magic for 192 gold pieces
 38862 | Spider:4 | Bought a potion of brilliance for 48 gold pieces
 38917 | Spider:4 | Reached skill level 17 in Dodging
 39257 | Spider:4 | Learned a level 2 spell: Scorch
 39561 | Spider:4 | Noticed an emperor scorpion
 39581 | Spider:4 | Killed an emperor scorpion
 39784 | Spider:4 | Got a gossamer rune of Zot
 40331 | Elf:1    | Entered Level 1 of the Elven Halls
 40484 | Orc:2    | Found Cofoudd's Antique Weapon Boutique.
 40617 | Shoals:1 | Entered Level 1 of the Shoals
 41760 | Shoals:1 | Reached XP level 16. HP: 70/81 MP: 23/33
 42534 | Shoals:2 | Found Itygabb's Distillery.
 42787 | Shoals:2 | Hit by a silver javelin thrown by a merfolk javelineer
 42788 | Shoals:2 | Reached XP level 15. HP: -2/77 MP: 3/41
 42902 | Shoals:2 | Bought a potion of cancellation for 120 gold pieces
 42902 | Shoals:2 | Bought a potion of magic for 120 gold pieces
 42902 | Shoals:2 | Lost mutation: Your natural rate of healing is unusually
                  | fast. [potion of mutation]
 42902 | Shoals:2 | Lost mutation: Your muscles are strong. (Str +4, Int/Dex
                  | -1) [potion of mutation]
 42902 | Shoals:2 | Lost mutation: You are partially covered in large bone
                  | plates. (SH +4) [potion of mutation]
 42902 | Shoals:2 | Gained mutation: You are robust. (+10% HP) [potion of
                  | mutation]
 42903 | Shoals:2 | Lost mutation: You are robust. (+10% HP) [potion of
                  | mutation]
 42903 | Shoals:2 | Lost mutation: You occasionally lose the ability to read
                  | scrolls when taking damage. [potion of mutation]
 42903 | Shoals:2 | Gained mutation: Your natural rate of healing is unusually
                  | fast. [potion of mutation]
 42903 | Shoals:2 | Gained mutation: Your body sometimes deteriorates upon
                  | taking damage. [potion of mutation]
 42904 | Shoals:2 | Lost mutation: Your body sometimes deteriorates upon taking
                  | damage. [potion of mutation]
 42904 | Shoals:2 | Lost mutation: Your natural rate of healing is unusually
                  | fast. [potion of mutation]
 42904 | Shoals:2 | Gained mutation: You have a pair of small antennae on your
                  | head. [potion of mutation]
 42904 | Shoals:2 | Gained mutation: You are partially covered in iridescent
                  | scales. (AC +2) [potion of mutation]
 42904 | Shoals:2 | Gained mutation: You occasionally lose the ability to read
                  | scrolls when taking damage. [potion of mutation]
 42904 | Shoals:2 | Gained mutation: You passively map a small area around you.
                  | [potion of mutation]
 42905 | Shoals:2 | Bought a potion of mutation for 120 gold pieces
 42905 | Shoals:2 | Lost mutation: You passively map a small area around you.
                  | [potion of mutation]
 42905 | Shoals:2 | Lost mutation: You have a pair of small antennae on your
                  | head. [potion of mutation]
 42905 | Shoals:2 | Lost mutation: You are partially covered in iridescent
                  | scales. (AC +2) [potion of mutation]
 42905 | Shoals:2 | Gained mutation: Your mind is acute. (Int +4, Str/Dex -1)
                  | [potion of mutation]
 42905 | Shoals:2 | Gained mutation: You are frail. (-10% HP) [potion of
                  | mutation]
 42905 | Shoals:2 | Gained mutation: You are partially covered in iridescent
                  | scales. (AC +2) [potion of mutation]
 42906 | Shoals:2 | Bought a potion of mutation for 120 gold pieces
 42906 | Shoals:2 | Lost mutation: You are partially covered in iridescent
                  | scales. (AC +2) [potion of mutation]
 42906 | Shoals:2 | Lost mutation: You occasionally lose the ability to read
                  | scrolls when taking damage. [potion of mutation]
 42906 | Shoals:2 | Gained mutation: Your spells are a little easier to cast,
                  | but a little less powerful. [potion of mutation]
 42906 | Shoals:2 | Gained mutation: You have hidden genetic potential. [potion
                  | of mutation]
 42906 | Shoals:2 | Gained mutation: You are clumsy. (Dex -2) [potion of
                  | mutation]
 42906 | Shoals:2 | Lost mutation: You are clumsy. (Dex -2) [potion of
                  | mutation]
 42907 | Shoals:2 | Bought a potion of mutation for 120 gold pieces
 42907 | Shoals:2 | Lost mutation: Your mind is acute. (Int +4, Str/Dex -1)
                  | [potion of mutation]
 42907 | Shoals:2 | Lost mutation: You are frail. (-10% HP) [potion of
                  | mutation]
 42907 | Shoals:2 | Lost mutation: You have hidden genetic potential. [potion
                  | of mutation]
 42907 | Shoals:2 | Gained mutation: You are vulnerable to cold. (rC-) [potion
                  | of mutation]
 42907 | Shoals:2 | Gained mutation: A frigid envelope surrounds you and
                  | freezes all who hurt you. [potion of mutation]
 43983 | Shoals:3 | Reached skill level 18 in Dodging
 44000 | Shoals:3 | Reached skill level 10 in Transmutations
 44881 | Shoals:3 | Lost mutation: A frigid envelope surrounds you and freezes
                  | all who hurt you. [potion of mutation]
 44881 | Shoals:3 | Lost mutation: Your spells are a little easier to cast, but
                  | a little less powerful. [potion of mutation]
 44881 | Shoals:3 | Gained mutation: You occasionally shout uncontrollably at
                  | your foes. [potion of mutation]
 44905 | Shoals:3 | Lost mutation: You are vulnerable to cold. (rC-) [potion of
                  | mutation]
 44905 | Shoals:3 | Lost mutation: You occasionally shout uncontrollably at
                  | your foes. [potion of mutation]
 44905 | Shoals:3 | Gained mutation: Your spells are a little easier to cast,
                  | but a little less powerful. [potion of mutation]
 44905 | Shoals:3 | Gained mutation: Potions are less effective at restoring
                  | your health. [potion of mutation]
 44905 | Shoals:3 | Gained mutation: Your mind is acute. (Int +4, Str/Dex -1)
                  | [potion of mutation]
 45227 | Shoals:3 | Found Uschiepn's Antique Weapon Shop.
 45355 | Shoals:4 | Entered Level 4 of the Shoals
 45746 | Shoals:4 | Noticed Ilsuiw
 45756 | Shoals:4 | Killed Ilsuiw
 46353 | Shoals:4 | Acquired 592 gold pieces
 47016 | Shoals:4 | HP: 1/77 [merfolk impaler/+2 antimagic trident[Ilsuiw]
                  | (19)]
 47663 | Shoals:4 | Reached skill level 10 in Air Magic
 47910 | Shoals:4 | Reached XP level 16. HP: 64/81 MP: 22/33
 48812 | Shoals:4 | HP: 3/81 [merfolk/boomerang of dispersal[a merfolk
                  | javelineer] (21)]
 48815 | Shoals:4 | Demolished by a merfolk
 48816 | Shoals:4 | Reached XP level 15. HP: -18/77 MP: 18/41
 49968 | Shoals:4 | Reached skill level 19 in Dodging
 50186 | Shoals:4 | Noticed a kraken
 50214 | Shoals:4 | Killed a kraken
 50271 | Shoals:4 | Got a barnacled rune of Zot
 50564 | Spider:4 | Bought a potion of heal wounds for 60 gold pieces
 50564 | Spider:4 | Bought a potion of heal wounds for 60 gold pieces
 50564 | Spider:4 | Bought a potion of mutation for 96 gold pieces
 50564 | Spider:4 | Bought a potion of might for 48 gold pieces
 50564 | Spider:4 | Bought a potion of heal wounds for 60 gold pieces
 50564 | Spider:4 | Lost mutation: Potions are less effective at restoring your
                  | health. [potion of mutation]
 50564 | Spider:4 | Lost mutation: Your spells are a little easier to cast, but
                  | a little less powerful. [potion of mutation]
 50564 | Spider:4 | Lost mutation: Your mind is acute. (Int +4, Str/Dex -1)
                  | [potion of mutation]
 50564 | Spider:4 | Gained mutation: You passively dampen the noise of your
                  | surroundings. [potion of mutation]
 50564 | Spider:4 | Gained mutation: You are agile. (Dex +4, Str/Int -1)
                  | [potion of mutation]
 50564 | Spider:4 | Gained mutation: Your body sometimes deteriorates upon
                  | taking damage. [potion of mutation]
 51730 | D:15     | Entered Level 15 of the Dungeon
 52399 | D:15     | Noticed Louise
 52416 | D:15     | Killed Louise
 52925 | D:15     | Found a staircase to the Depths.
 53232 | D:15     | Found a basalt altar of Yredelemnul.
 53685 | D:15     | Learned a level 7 spell: Storm Form
 54127 | Elf:1    | Reached XP level 16. HP: 49/81 MP: 15/33
 54280 | Elf:1    | Got the Thoughts on Violence
 55281 | Elf:2    | Reached skill level 15 in Transmutations
 55428 | Elf:2    | Found a runed translucent gate.
 55428 | Elf:2    | Found a runed translucent gate.
 55532 | Elf:2    | Found a runed translucent gate.
 55986 | Elf:2    | Noticed a deep elf blademaster
 55990 | Elf:2    | Killed a deep elf blademaster
 56814 | Elf:3    | Entered Level 3 of the Elven Halls
 57199 | Elf:3    | Noticed Roxanne
 57219 | Elf:3    | Killed Roxanne
 57812 | Elf:3    | Reached XP level 17. HP: 85/85 MP: 21/34
 58571 | Elf:3    | Noticed a deep elf master archer
 58582 | Elf:3    | Killed a deep elf master archer
 58583 | Elf:3    | Reached skill level 1 in Fire Magic
 58626 | Elf:3    | Noticed a deep elf blademaster
 58639 | Elf:3    | Killed a deep elf blademaster
 58644 | Elf:3    | Noticed a deep elf blademaster
 58650 | Elf:3    | Noticed a deep elf blademaster
 58653 | Elf:3    | Noticed a deep elf master archer
 58655 | Elf:3    | Killed a deep elf blademaster
 58656 | Elf:3    | Killed a deep elf blademaster
 58672 | Elf:3    | Identified the ring "Obleikoa" {rC+ rCorr Int+4 SInv}
 58674 | Elf:3    | Killed a deep elf master archer
 58810 | Elf:3    | Noticed a Tzitzimitl
 58876 | Elf:3    | Noticed a deep elf master archer
 58894 | Elf:3    | Noticed a deep elf blademaster
 58895 | Elf:3    | Killed a deep elf master archer
 58916 | Elf:3    | Killed a deep elf blademaster
 58979 | Elf:3    | Noticed an Ice Fiend
 59024 | Elf:3    | Noticed a Hell Sentinel
 59259 | Elf:3    | Found the +3 Elemental Staff {rElec rF+ rC+ AC+3}
 59288 | Elf:3    | Got Deroqub's Reference Book on the Discharge and the Birds
 59291 | Elf:3    | Got the Compilation of Frigorific Moulding
 59801 | Vaults:1 | Entered Level 1 of the Vaults
 60876 | Vaults:1 | Found Mumor's Armour Shop.
 60898 | Vaults:1 | Reached skill level 5 in Fire Magic
 61400 | Vaults:1 | Reached XP level 18. HP: 83/89 MP: 11/36
 61878 | Vaults:1 | Reached skill level 15 in Air Magic
 62625 | Vaults:2 | Noticed Frederick
 62644 | Vaults:2 | Killed Frederick
 63195 | Vaults:2 | Reached skill level 1 in Unarmed Combat
 63685 | Vaults:2 | Noticed Asterion
 63693 | Vaults:2 | Killed Asterion
 63853 | Vaults:2 | Identified the +4 trident of Xom's Brutal Revenge {drain,
                  | rPois rC+ Str-4}
 63929 | Vaults:2 | Found Joczobru's Antique Weapon Shop.
 64444 | Vaults:2 | Noticed Mennas
 64523 | Vaults:2 | Killed Mennas
 64831 | Vaults:2 | Found Mamelyl's Book Emporium.
 64839 | Vaults:2 | Bought a book of Misfortune for 504 gold pieces
 64896 | Vaults:2 | Found Boyful Inuu's Magic Scroll Boutique.
 64900 | Vaults:2 | Bought a scroll of summoning for 104 gold pieces
 64900 | Vaults:2 | Bought a scroll of magic mapping for 82 gold pieces
 64900 | Vaults:2 | Bought a scroll of acquirement for 572 gold pieces
 65670 | Vaults:2 | Found a staircase to the Crypt.
 65786 | Vaults:2 | Found a transporter.
 65786 | Vaults:2 | Noticed eruonna's ghost (veteran HOBe)
 65787 | Vaults:2 | Noticed an ancient lich
 65794 | Vaults:2 | Noticed Yjimoseergh's ghost (adept SpFE)
 65951 | Vaults:2 | Found a transporter.
 66001 | Vaults:3 | Noticed Bai Suzhen
 66018 | Vaults:3 | Killed Bai Suzhen
 66175 | Vaults:3 | Reached XP level 19. HP: 93/93 MP: 26/38
 66291 | Vaults:3 | Reached skill level 5 in Unarmed Combat
 66317 | Vaults:3 | Noticed Donald
 66332 | Vaults:3 | Paralysed by a sphinx for 4 turns
 66339 | Vaults:3 | Mangled by a vault warden
 66340 | Vaults:3 | Reached XP level 18. HP: -6/89 MP: 8/37
 66491 | Vaults:3 | Killed Donald
 66515 | Vaults:3 | Found a magical portal.
 66547 | WizLab   | Entered Borgnjor's Mausoleum
 66998 | WizLab   | Killed from afar by an ancient champion
 66999 | WizLab   | Reached XP level 17. HP: -7/85 MP: 35/36
 67836 | WizLab   | Learned a level 4 spell: Manifold Assault
 68084 | WizLab   | Found the +7 sceptre of Torment {pain, torment}
 68405 | Vaults:3 | Reached skill level 10 in Unarmed Combat
 68721 | Vaults:3 | Reached XP level 18. HP: 66/89 MP: 16/37
 71390 | Vaults:4 | Found Doeharch's Armour Shop.
 71390 | Vaults:4 | Noticed a lich
 71409 | Vaults:4 | Killed a lich
 72118 | Depths:1 | Entered Level 1 of the Depths
 72266 | Depths:1 | Noticed a lich
 72278 | Depths:1 | Killed a lich
 72503 | Depths:1 | Found a gateway to Hell.
 73614 | Shoals:2 | Bought a potion of haste for 140 gold pieces
 73614 | Shoals:2 | Bought a potion of heal wounds for 70 gold pieces
 73614 | Shoals:2 | Bought a potion of invisibility for 112 gold pieces
 73614 | Shoals:2 | Bought a potion of heal wounds for 70 gold pieces
 73879 | Vaults:5 | Entered Level 5 of the Vaults
 73893 | Vaults:5 | Learned a level 7 spell: Enfeeble
 73909 | Vaults:5 | Noticed Xtahua
 73918 | Vaults:5 | Reached XP level 19. HP: 93/93 MP: 32/38
 73934 | Vaults:5 | Killed Xtahua
 73935 | Vaults:5 | Reached skill level 15 in Unarmed Combat
 73983 | Vaults:5 | Identified the +10 spear of Impermanence {holy, rPois rCorr
                  | Int+4}
 74002 | Vaults:5 | Identified the +6 storm dragon scales "Riurat" {rElec
                  | Dex+5}
 74195 | Vaults:5 | Identified the +5 lajatang of Disharmony {heavy, rF- Str+5
                  | Int+9 Stlth+}
 74598 | Vaults:5 | Identified the +7 hand axe "Hemin" {vamp, *Noise rElec rN++
                  | rCorr}
 74611 | Vaults:5 | Identified the +4 flail of Rotation {drain, Fly rElec
                  | Stlth+}
 74617 | Vaults:5 | Noticed Sojobo
 74704 | Vaults:5 | Killed Sojobo
 74818 | Vaults:5 | Noticed an ancient lich
 74883 | Vaults:5 | Identified the +5 longbow of Res Nullius {flame, rF+ rC+
                  | MP+9 Stlth-}
 74883 | Vaults:5 | Identified the +0 sling of Cobwebs {heavy, rC- Will+++
                  | Dex+5 Stlth-}
 74900 | Vaults:5 | Noticed a dread lich
 74914 | Vaults:5 | Identified the +2 battleaxe of Mysy {flame, rPois rF++}
 74931 | Vaults:5 | Noticed a Tzitzimitl
 74941 | Vaults:5 | Noticed a golden dragon
 74943 | Vaults:5 | Killed a golden dragon
 76069 | Crypt:1  | Entered Level 1 of the Crypt
 76309 | Lair:5   | Fell from the grace of Gozag
 76309 | Lair:5   | Became a worshipper of Jiyva Jatsukh the Shapeless
 76687 | Crypt:1  | HP: 2/93 [ghoul (21)]
 76691 | Crypt:1  | Slain by a ghoul

Illustrated notes

Levels and vault maps discovered:
D:1:      minmay_arrival_four_circles, layout_loops_ring
D:2:      layout_basic, serial_shops, shop
D:3:      layout_basic, serial_shops, nicolae_shop_mannequins, uniq_natasha,
          uniq_sigmund
D:4:      layout_cave_pods, uniq_ijyb, uniq_blork_the_orc
D:5:      layout_cave_pools, regret_index_temple_of_mockery
D:6:      wad_woods_stonehenge, layout_cave_pools, makhleb_altar_promises_db,
          minmay_temple_entry_trees, nicolae_wooded_promenade, uniq_eustachio
D:7:      nzn_winding_woodlands_medium [nzn_winding_woodlands_5x5_perimeter,
          nzn_winding_woodlands_5x15_river_crossing,
          nzn_winding_woodlands_5x5_checkerboard,
          nzn_winding_woodlands_5x5_open_star,
          nzn_winding_woodlands_center_triple_pond,
          nzn_winding_woodlands_5x5_cross, nzn_winding_woodlands_5x5_default,
          nzn_winding_woodlands_5x15_split_checker,
          nzn_winding_woodlands_5x5_closed_star], layout_rooms,
          lightli_temple_of_fire, minmay_ruffians
D:8:      layout_loops_ring, mainiacjoe_overflow_large_starburst, serial_shops,
          shop, uniq_maggie
D:9:      layout_rooms
D:10:     layout_long_grid, grunt_temple_overflow_diamond,
          mainiacjoe_overflow_small_starburst, due_lair_maze_entry_diamond,
          minmay_guarded_unrand_resistance
D:11:     layout_roguey
D:12:     kennysheep_seaside_town, layout_gridville, david_orc_2,
          nicolae_trove_entry_crystal, hellmonk_okawaru_the_only_friend_you_need
D:13:     minmay_mutant_horseshoe, layout_rooms,
          lightli_vaults_fourway_checkpoint
D:14:     layout_loops_cross, minivault_4
D:15:     gammafunk_enter_depths_forms, layout_small_grid, fountainhead,
          minmay_misc_feat_nine_boxes, lemuel_zombie_altar_yredelemnul,
          uniq_louise
Temple:   minmay_temple_forest_path
Lair:1:   layout_regular_city
Lair:2:   hangedman_what_comes_after_a, layout_hall_layers, lemuel_fruit_tree
Lair:3:   layout_small_grid, nicolae_shoals_entry_flooding,
          hellmonk_spider_entry_not_the_bees, grunt_megastairs_2, uniq_gastronok
Lair:4:   minmay_lair_venomous_thicket, layout_misc_corridors,
          minmay_hedge_maze, kennysheep_catoblepas_arena
Lair:5:   wormcave, layout_cave_pods, hangedman_lair_in_review, slime_entry_1,
          minivault_19
Shoals:1: layout_shoals, nicolae_shoals_circle_sea_wall, nicolae_shoals_so_close
Shoals:2: layout_shoals, serial_shops, shop
Shoals:3: nicolae_shoals_offshore_bank_account, layout_shoals, serial_shops,
          shop, nicolae_splish_splash
Shoals:4: shoals_end_hangedman, layout_shoals, shoals_ilsuiw_ice,
          nicolae_shoals_water_shrine
Spider:1: layout_spider_delve, nicolae_spider_circle_web
Spider:2: layout_spider_delve, uniq_agnes
Spider:3: layout_spider_delve, uniq_aizul, uniq_azrael
Spider:4: guppyfry_spider_rune, hangedman_spider_tarantella_strand
Orc:1:    layout_diamond_mine, basic_altar, uniq_jorgrun
Orc:2:    grunt_orc_cross, layout_caves
Elf:1:    nicolae_elf_arrival_fired_up, layout_geoelf_octagon,
          minmay_elf_annihilation, amcnicky_mini_pool_small, hex_large,
          hangedman_elven_ridges, drop_trap, hangedman_glass_teeth
Elf:2:    nicolae_elf_blades_splatter_lattice [nicolae_blade_lattice],
          layout_geoelf_grid
Elf:3:    minmay_elf_hall_statues, layout_gridlike, uniq_roxanne
Vaults:1: nicolae_vaults_network_quinsquares
          [nicolae_vaults_network_quincunx_subvault,
          nicolae_vaults_network_quincunx_subvault,
          nicolae_vaults_network_quincunx_subvault,
          nicolae_vaults_network_quincunx_subvault],
          nicolae_vaults_quartermaster, v_pattern_3,
          nicolae_vaults_closet_pinwheel_4, v_misc_30, ontoclasm_vaults_chip,
          nicolae_vaults_two_Ls, nicolae_vaults_trapezoid_1,
          nicolae_vaults_little_ls, grunt_vaults_hallway_long,
          nicolae_vaults_taking_the_gang_shopping, ontoclasm_vaults_hangar,
          layout_vaults_ring
Vaults:2: nzn_ghost_randoct, nicolae_vaults_asterisk,
          nicolae_vaults_closet_pinwheel_6, nicolae_vaults_mush_room,
          hangedman_vaults_trim, nicolae_vaults_inception_corners,
          minmay_crypt_entry_vampire_xt, ontoclasm_vaults_decontamination,
          vaults_mumra_lcd, grunt_vaults_bifocal, vaults_standard_mumra_lines,
          nicolae_vaults_tetromino_Z_1, v_misc_16, vaults_room_fours,
          grunt_vaults_hallway_long, vaults_room_door_ring, v_misc_1,
          layout_vaults_maze_bifur, serial_shops,
          nicolae_shop_pleasant_corner_grove, shop, shop, uniq_frederick,
          uniq_asterion, uniq_mennas
Vaults:3: infiniplex_enter_wizlab_glasses, hangedman_vaults_stitches,
          nicolae_vaults_trapezoid_lopsided_1, nicolae_vaults_minivaults,
          hangedman_vaults_unwind, hangedman_vaults_capsules,
          hangedman_vaults_trim, hangedman_vaults_stagger,
          nicolae_vaults_trapezoid_1, nicolae_vaults_house_3,
          ontoclasm_vaults_chip, layout_vaults_big_room, uniq_bai_suzhen,
          uniq_donald
Vaults:4: nicolae_vaults_closet_pinwheel_2, grunt_vaults_funnel,
          nicolae_vaults_little_squares_6, nicolae_vaults_cochlea,
          nicolae_vaults_closet_pinwheel_1, vaults_room_grid,
          dpeg_vaults_monster_box, nicolae_vaults_border_crossing,
          vaults_room_pool, layout_vaults_omnicross
Vaults:5: uniq_xtahua, uniq_sojobo
Crypt:1:  layout_misc_corridors, grunt_crypt_arrival_guarded_gate
Depths:1: layout_forbidden_donut, kennysheep_crisscross, minmay_room_of_horrors,
          hell_entry, fedhas_altar_4

Skill      XL: |  1  2  3  4  5  6  7  8  9 10 11 12 13 14 15 16 17 18 19 |
---------------+----------------------------------------------------------+-----
Stealth        | 3 4 5 |  5.5
Dodging        | 3 4 5 6 7 9 10 12 14 16 19 | 19.0
Spellcasting   | 3 4 5 6 7 8 10 12 13 14 | 14.0
Hexes          | 3 4 5 6 10 11 14 | 14.5
Fighting       | 2 3 5 7 8 10 12 14 15 | 15.0
Summonings     | 5 6 7 9 10 12 | 12.8
Air Magic      | 1 3 5 7 11 13 14 17 | 17.0
Translocations | 7 8 |  8.9
Transmutations | 3 14 16 17 | 17.0
Fire Magic     | 5 |  5.0
Unarmed Combat | 10 14 16 | 16.2

Action                     |  1- 3 |  4- 6 |  7- 9 | 10-12 | 13-15 | 16-18 | 19-21 || total
---------------------------+-------+-------+-------+-------+-------+-------+-------++-------
  Melee: Unarmed           |    45 |    17 |    77 |    77 |   120 |   523 |   139 ||   998
         Bite              |     4 |     1 |     7 |    12 |    22 |     3 |       ||    49
         Punch             |     1 |       |     1 |     1 |     1 |    37 |    16 ||    57
   Cast: Summon Small Mamm |    28 |    14 |    28 |    13 |    36 |       |       ||   119
         Call Imp          |    16 |    16 |    15 |    14 |    33 |       |       ||    94
         Call Canine Famil |    14 |    14 |    27 |    53 |   104 |    32 |       ||   244
         Summon Guardian G |       |     8 |    18 |    67 |    80 |    16 |       ||   189
         Summon Lightning  |       |       |    14 |   107 |   184 |   117 |    15 ||   437
         Summon Mana Viper |       |       |       |     4 |   185 |   205 |    19 ||   413
         Summon Cactus Gia |       |       |       |       |   186 |   194 |    22 ||   402
         Summon Forest     |       |       |       |       |    84 |    70 |     7 ||   161
         Poisonous Vapours |       |       |       |       |   115 |   184 |    12 ||   311
         Scorch            |       |       |       |       |   124 |   298 |    65 ||   487
         Apportation       |       |       |       |       |     5 |     1 |       ||     6
         Storm Form        |       |       |       |       |     4 |   109 |    16 ||   129
         Manifold Assault  |       |       |       |       |       |    37 |    12 ||    49
         Enfeeble          |       |       |       |       |       |       |    12 ||    12
 Invoke: Potion Petition   |       |       |       |       |     7 |    11 |     3 ||    21
         Call Merchant     |       |       |       |       |     2 |       |       ||     2
         Bribe Branch      |       |       |       |       |       |     1 |       ||     1
Ability: Blinkbolt         |       |       |       |       |     1 |     9 |       ||    10
  Evoke: Wand              |       |       |     7 |     1 |    24 |    16 |     4 ||    52
         Lightning rod     |       |       |       |       |     9 |     7 |       ||    16
         Box of beasts     |       |       |       |       |     1 |       |       ||     1
    Use: Scroll            |     6 |       |     8 |     9 |    23 |    17 |       ||    63
         Potion            |       |     1 |     6 |     4 |    25 |    21 |     5 ||    62
   Stab: Sleeping          |     2 |       |     3 |     2 |     1 |     9 |       ||    17
         Distracted        |       |       |       |       |     3 |    15 |     6 ||    24
         Invisible         |       |       |       |       |       |       |     4 ||     4
 Armour: Skin              |     6 |       |    14 |    24 |    55 |    90 |    22 ||   211
  Dodge: Dodged            |    91 |    21 |    94 |   238 |   991 |  1142 |   230 ||  2807
  Block: Other             |       |       |    14 |    41 |    90 |     8 |       ||   153
